 Dungeon Crawl Stone Soup version 0.28-a0-95-g65e1ffefe4 (webtiles) character file.

Game seed: 12275311270299313843

1159 emm the Cleaver (level 8, -3/67 HPs)
             Began as a Demonspawn Gladiator on Aug 9, 2021.
             Was an Initiate of Okawaru.
             Slain by Edmund (9 damage)
             ... on level 5 of the Dungeon.
             The game lasted 00:09:55 (3817 turns).

emm the Cleaver (Demonspawn Gladiator)              Turns: 3817, Time: 00:09:55

Health: -3/67      AC:  4    Str: 14 (15) XL:     8   Next: 16%
Magic:  8/8        EV: 18    Int:  7 (9)  God:    Okawaru [......]
Gold:   318        SH:  0    Dex: 14 (17) Spells: 7/7 levels left

rFire   + . .      SeeInvis .   a - +0 war axe
rCold   + . .      Faith    .   (no shield)
rNeg    . . .      Spirit   .   b - +0 leather armour
rPois   +          Reflect  .   c - +0 helmet
rElec   +          Harm     .   (no cloak)
rCorr   +          Rampage  .   (no gloves)
Will    .....                   (no boots)
Stlth   +.........              i - amulet of regeneration
HPRegen 1.21/turn               (no ring)
MPRegen 0.11/turn               (no ring)

@: resistant, repel missiles
A: repulsion field 3, powered by pain 1
a: Renounce Religion


You were on level 5 of the Dungeon.
You worshipped Okawaru.
Okawaru was noncommittal.
You visited 2 branches of the dungeon, and saw 7 of its levels.

You collected 318 gold pieces.

Inventory:

Hand Weapons
 a - a +0 war axe (weapon)
 g - a +1 dagger of venom
Missiles
 d - 3 throwing nets (quivered)
Armour
 b - a +0 leather armour (worn)
 c - a +0 helmet (worn)
Jewellery
 i - an amulet of regeneration (around neck)
Scrolls
 e - 8 scrolls of identify {unknown}
 f - 2 scrolls of enchant weapon {unknown}
 h - a scroll of magic mapping {unknown}
 j - a scroll of fear {unknown}
 l - a scroll of enchant armour {unknown}
 o - a scroll of fog {unknown}
 p - a scroll of immolation {unknown}
 s - a scroll of acquirement {unknown}
 t - a scroll of silence {unknown}
 u - 2 scrolls of teleportation {unknown}
Potions
 k - a potion of degeneration
 m - a potion of mutation {unknown}
 n - a potion of resistance
 q - 2 potions of curing {unknown}
 r - a potion of cancellation {unknown}
 v - a potion of berserk rage {unknown}


   Skills:
 + Level 7.5 Fighting
 + Level 8.2 Axes
 + Level 1.8 Throwing
 + Level 2.3 Armour
 + Level 7.1 Dodging
 + Level 1.0 Stealth


You had 7 spell levels left.
You didn't know any spells.
Your spell library was empty.

Dungeon Overview and Level Annotations

Branches:
Dungeon (6/15)             Temple (1/1) D:6

Altars:
Ashenzari
Fedhas
Makhleb
Okawaru
Ru
Wu Jian
Zin

Annotations:
D:5 Edmund


Innate Abilities, Weirdness & Mutations

You are surrounded by a strong repulsion field. (EV +4, RMsl)
You sometimes gain a little power by taking damage.


Message History

Edmund hits you with a +2 vorpal flail!
You barely miss Edmund.
Edmund is heavily wounded.
Edmund completely misses you.
You closely miss Edmund.
Edmund is heavily wounded.
Edmund hits you with a +2 vorpal flail! Edmund misses you.
You barely miss Edmund.
Edmund is heavily wounded.
Edmund closely misses you.
You hit Edmund but do no damage.
Edmund is heavily wounded.
Edmund closely misses you.
You hit Edmund but do no damage.
Edmund is heavily wounded.
Edmund misses you.
You hit Edmund.
Edmund is heavily wounded.
Edmund hits you with a +2 vorpal flail.
You hit Edmund but do no damage.
Edmund is heavily wounded.
Edmund hits you with a +2 vorpal flail!
* * * LOW HITPOINT WARNING * * *
x2 You slash Edmund!
Edmund is severely wounded.
Edmund hits you with a +2 vorpal flail.
* * * LOW HITPOINT WARNING * * *
x2 You slash Edmund!
Edmund is almost dead.
Edmund hits you with a +2 vorpal flail!
* * * LOW HITPOINT WARNING * * *
x2 Unknown command.
It was a potion of degeneration.
There was something very wrong with that liquid.
You feel weakened.
You feel dopey.
You feel clumsy. Edmund barely misses you.
It was a potion of resistance.
You feel protected. Edmund hits you with a +2 vorpal flail!
You die...

..# ..# #.# #.#
#.# #.# #.#
#.################
#.......#......@@#
#######.#.########
#######.#.#
........#.#
#########.#
.>.@....@.#
###########
..########
..'......#


You could see Edmund.

Vanquished Creatures
  Sigmund (D:2)
  A water moccasin (D:5)
  An ice beast (D:5)
  A necrophage (D:5)
  A phantom (D:4)
  3 scorpions
  A hound (D:5)
  2 jellies
  2 iguanas (D:5)
  2 orc wizards
  A hound skeleton (D:4)
  Robin (D:2)
  3 gnolls (D:3)
  2 adders (D:2)
  An adder skeleton (D:4)
  2 worms
  2 dart slugs
  7 orcs
  3 endoplasms
  2 giant cockroaches
  27 goblins
  14 hobgoblins
  3 jackals (D:1)
  5 quokkas
  9 ball pythons
  2 bats
  2 frilled lizards (D:3)
  6 kobolds
  3 rats
110 creatures vanquished.

Notes
Turn   | Place    | Note
-------+----------+-------------------------------------------
     0 | D:1      | emm the Demonspawn Gladiator began the quest for the Orb.
     0 | D:1      | Reached XP level 1. HP: 16/16 MP: 1/1
   218 | D:1      | Gained mutation: You sometimes gain a little power by
                  | taking damage. [demonic ancestry]
   218 | D:1      | Reached XP level 2. HP: 20/22 MP: 2/2
   296 | D:1      | Reached skill level 3 in Axes
   860 | D:2      | Reached XP level 3. HP: 27/27 MP: 3/3
  1509 | D:2      | Gained mutation: You are surrounded by a mild repulsion
                  | field. (EV +2) [demonic ancestry]
  1509 | D:2      | Reached XP level 4. HP: 30/34 MP: 4/4
  1524 | D:2      | Reached skill level 1 in Armour
  1571 | D:2      | Noticed Sigmund
  1619 | D:2      | Reached skill level 7 in Axes
  1619 | D:2      | Reached XP level 5. HP: 12/48 MP: 5/5
  1626 | D:2      | Killed Sigmund
  1627 | D:2      | Gained mutation: You are surrounded by a moderate repulsion
                  | field. (EV +3) [demonic ancestry]
  1627 | D:2      | Reached XP level 6. HP: 13/55 MP: 6/6
  1853 | D:2      | Noticed Robin
  1873 | D:2      | Killed Robin
  2277 | D:3      | Found an ornate altar of the Wu Jian Council.
  2398 | D:3      | Found a faded altar of an unknown god.
  2644 | D:4      | Reached XP level 7. HP: 53/60 MP: 7/7
  3103 | D:5      | Entered Level 5 of the Dungeon
  3172 | D:5      | Noticed Edmund
  3452 | D:5      | Reached skill level 8 in Axes
  3535 | D:5      | Gained mutation: You are surrounded by a strong repulsion
                  | field. (EV +4, RMsl) [demonic ancestry]
  3535 | D:5      | Reached XP level 8. HP: 66/67 MP: 8/8
  3652 | D:6      | Reached skill level 1 in Stealth
  3669 | D:6      | Found a staircase to the Ecumenical Temple.
  3682 | Temple   | Entered the Ecumenical Temple
  3709 | Temple   | Became a worshipper of Warmaster Okawaru
  3817 | D:5      | Slain by Edmund

Illustrated notes

Levels and vault maps discovered:
D:1:      giann_bridges, layout_basic
D:2:      cheibrodos_greedy_goblins, layout_loops_corners, uniq_robin,
          uniq_sigmund
D:3:      layout_basic, nzn_wu_jian_contemplation,
          hellmonk_ecumenical_altar_inner_sanctum,
          minmay_misc_feat_more_columns, minmay_misc_feat_nine_boxes,
          minmay_misc_feat_square
D:4:      layout_rooms
D:5:      layout_basic, uniq_edmund
D:6:      layout_loops_ring, minmay_temple_entry_statues_pillars, minmay_between
Temple:   eino_temple_scatter_basement

Skill      XL: |  1  2  3  4  5  6  7  8 |
---------------+-------------------------+-----
Dodging        | 3 6 7 |  7.1
Axes           | 3 7 8 |  8.2
Armour         | 1 2 |  2.3
Fighting       | 7 |  7.5
Stealth        | 1 |  1.0
Throwing       | |  1.8

Action                   |  1- 3 |  4- 6 |  7- 9 || total
-------------------------+-------+-------+-------++-------
Melee: War axe           |    89 |   104 |   115 ||   308
  Use: Potion            |       |     1 |     2 ||     3
 Stab: Sleeping          |       |       |     2 ||     2
Armor: Leather armour    |    53 |    22 |    12 ||    87
Dodge: Dodged            |    92 |   109 |   112 ||   313

Table legend: (Time is in decaauts)
 A = Elapsed time spent in this place.
 B = Non-inter-level travel time spent in this place.
 C = Inter-level travel time spent in this place.
 D = Time resting spent in this place.
 E = Time spent auto-exploring this place.
 F = Levels seen in this place.
 G = Mean time per level.
                   A        B        C        D        E       F      G
               +--------+--------+--------+--------+--------+-----+--------+
         Total |   3876 |   3799 |     77 |     65 |   2389 |   7 |  553.7 |
       Dungeon |   3836 |   3759 |     77 |     65 |   2380 |   6 |  639.3 |
        Temple |     39 |     39 |      0 |      0 |      9 |   1 |   39.0 |
               +--------+--------+--------+--------+--------+-----+--------+

Top non-repeatable levels by time:
     D:2: 1341 daAuts
     D:1: 817 daAuts
     D:5: 585 daAuts
     D:4: 555 daAuts
     D:3: 456 daAuts
     D:6: 80 daAuts
  Temple: 39 daAuts
